 Dungeon Crawl Stone Soup version 0.20-a0-1016-g241539b (webtiles) character file.

269 Denreik the Ducker (level 6, -5/48 HPs)
             Began as a Formicid Chaos Knight on Apr 16, 2017.
             Slain by a wolf (13 damage)
             ... on level 4 of the Dungeon.
             The game lasted 00:13:48 (2970 turns).

Denreik the Ducker (Formicid Chaos Knight)          Turns: 2970, Time: 00:13:50

Health: -5/48      AC:  5    Str: 22    XL:     6   Next: 46%
Magic:  6/6        EV: 13    Int: 12    God:    Xom [......]
Gold:   1200       SH:  0    Dex: 11    Spells: 5/5 levels left

rFire    . . .     SeeInvis +   a - +0 spear (chaos)
rCold    + . .     Gourm    .   (no shield)
rNeg     . . .     Faith    .   b - +2 leather armour
rPois    .         Spirit   .   (helmet unavailable)
rElec    .         Reflect  .   H - scarf {rC+}
rCorr    .         Harm     +   (no gloves)
MR       .....                  (no boots)
Stlth    +.........             j - amulet of harm
Regen    0.2/turn               k - +1 ring of slaying
MPRegen  0.1/turn               (no ring)

@: mighty
A: permanent stasis, dig shafts and tunnels, four strong arms, antennae 3
a: Dig, Shaft Self, Renounce Religion


You were on level 4 of the Dungeon.
You worshipped Xom.
You were a very special plaything of Xom.
You were not hungry.

You visited 1 branch of the dungeon, and saw 4 of its levels.

You collected 1200 gold pieces.

Inventory:

Hand Weapons
 a - a +0 spear of chaos (weapon)
 p - a +0 club
 q - a +0 hunting sling
 z - a +0 club
 A - a +0 hunting sling
 E - a +4 falchion of flaming
Missiles
 h - 40 sling bullets
 n - a throwing net (quivered)
 r - 195 stones
Armour
 b - a +2 leather armour (worn)
 F - a +0 leather armour
 H - a scarf of cold resistance (worn)
Jewellery
 j - an amulet of harm (around neck)
 k - a +1 ring of slaying (left hand)
 o - a cursed amulet of inaccuracy {unknown}
Scrolls
 d - 2 scrolls of recharging {unknown}
 e - a scroll of fog {unknown}
 g - 3 scrolls of remove curse {unknown}
 i - 3 scrolls of teleportation {unknown}
 l - 4 scrolls of identify {unknown}
 v - a scroll of summoning {unknown}
 y - 2 scrolls of magic mapping {unknown}
 B - a scroll of enchant weapon {unknown}
 C - a scroll of enchant armour {unknown}
 D - 2 scrolls of amnesia {unknown}
Potions
 f - 2 potions of curing
 s - a potion of berserk rage {unknown}
 u - a potion of resistance {unknown}
 w - a potion of might
 x - a potion of brilliance {unknown}
Comestibles
 c - 4 bread rations
 m - a royal jelly
 t - 3 fruits
 G - 2 chunks of flesh


   Skills:
 - Level 4.0 Fighting
 - Level 4.0 Polearms
 - Level 2.1 Armour
 * Level 4.4 Dodging


You had 5 spell levels left.
You didn't know any spells.

Dungeon Overview and Level Annotations

Branches:
Dungeon (4/15)
 Temple: D:4-7

Altars:
Uskayaw

Annotations:
D:3 1 runed door


Innate Abilities, Weirdness & Mutations

You cannot be hasted, slowed, berserked, paralysed or teleported.
You can dig through walls and to a lower floor.
Your four strong arms can wield two-handed weapons with a shield.
You have a pair of large antennae on your head. (SInv)


Message History

Attack whom?
Press: ? - help, Dir - move target cursor, f/p - wolf
Aim: a wolf (lightly wounded)
You hit the wolf.
The wolf goes berserk!
The wolf is heavily wounded.
The wolf bites you.
* * * LOW HITPOINT WARNING * * *
The wolf barely misses you.
Attack whom?
Press: ? - help, Dir - move target cursor, f/p - wolf
Aim: a wolf (heavily wounded, berserk, fast, unusually strong)
You hit the wolf. You burn the wolf.
The wolf is heavily wounded.
The wolf bites you.
* * * LOW HITPOINT WARNING * * *
The wolf bites you.
* * * LOW HITPOINT WARNING * * *
The wolf bites you!
You die...
Xom laughs nastily!

..........# #########.########
####........# #......####.#
#.####.# #.# #.# #.# #.# ##
##.####.####.# . ..
#.......>...)######## .# ..
#####..####.###.@hZ.....##.#.#
.......# #.# ##.######......#
.###.######{####.######......##
.# #......#.....................
.###.####.#.############.....###
#...## #.# #.....# ##.## ..
#.....# #.# #.###.# #.# ..# ...


You could see a wolf (berserk) and an adder skeleton.

Vanquished Creatures
  An orc priest (D:3)
  An orc wizard (D:3)
  Jessica (D:3)
  A worker ant (D:4)
  Robin (D:3)
  3 adders
  3 oozes
  2 worms
  A dart slug (D:2)
  2 leopard geckos (D:1)
  12 orcs
  4 bats
  3 giant cockroaches
  20 goblins
  12 hobgoblins
  4 kobolds
  A quokka (D:3)
  3 ball pythons
  2 frilled lizards (D:2)
  7 rats
84 creatures vanquished.

Vanquished Creatures (collateral kills)
  A worm (D:2)
  A leopard gecko (D:2)
  A goblin (D:2)
  2 hobgoblins (D:2)
  A quokka (D:2)
  4 kobolds (D:2)
10 creatures vanquished.

Vanquished Creatures (others)
  A worm (D:3)
1 creature vanquished.

Grand Total: 95 creatures vanquished

Notes
Turn   | Place    | Note
-------+----------+-------------------------------------------
     0 | D:1      | Denreik the Formicid Chaos Knight began the quest for the Orb.
     0 | D:1      | Reached XP level 1. HP: 18/18 MP: 1/1
    61 | D:1      | Reached skill level 1 in Dodging
    67 | D:1      | XOM: harmless Chrm miscast
   202 | D:1      | Reached XP level 2. HP: 24/24 MP: 2/2
   674 | D:1      | Reached XP level 3. HP: 29/29 MP: 3/3
   675 | D:1      | XOM: divination: detect creatures
   892 | D:2      | Found a hide-covered altar of Uskayaw.
   924 | D:2      | XOM: divination: detect creatures
   967 | D:2      | XOM: god gift: scroll labeled WUFUBI BUUSU {god gift}
  1035 | D:2      | Reached XP level 4. HP: 34/35 MP: 4/4
  1064 | D:2      | Found a faded altar of an unknown god.
  1437 | D:2      | XOM: god gift: mace {god gift}
  1525 | D:2      | You fall through a shaft!
  1540 | D:3      | Noticed Robin
  1572 | D:3      | Reached XP level 5. HP: 41/42 MP: 5/5
  1572 | D:3      | XOM: destruction
  1576 | D:3      | Killed Robin
  2162 | D:3      | Found a runed door.
  2195 | D:3      | Noticed Jessica
  2203 | D:3      | Killed Jessica
  2256 | D:3      | Reached XP level 6. HP: 48/48 MP: 6/6
  2313 | D:3      | XOM: god gift: 1050 gold pieces
  2331 | D:3      | XOM: mild Erth miscast
  2542 | D:3      | XOM: silly message
  2597 | D:3      | XOM: harmless Chrm miscast
  2644 | D:3      | You fall through a shaft!
  2813 | D:4      | XOM: summons 3 hostile shadow creatures
  2861 | D:4      | XOM: smoke on damage
  2948 | D:4      | Noticed a wolf
  2948 | D:4      | a hound changed into a wolf
  2948 | D:4      | XOM: polymorph hound -> wolf
  2953 | D:4      | XOM: severe Fire miscast
  2956 | D:4      | XOM: summons 2 friendly demons
  2958 | D:4      | XOM: harmless Summ miscast
  2970 | D:4      | Slain by a wolf

Vault maps used:
D:1:      dpeg_arrival_lava_altar
D:2:      eat_drink_and_be_merry_uskayaw, chequers_ecumenical_altar_simple_redux
D:3:      uniq_jessica, uniq_robin, uniq_crazy_yiuf_cottage
D:4:      minmay_opposing_rooms, grunt_dithmenos_smoke

Skill      XL: |  1  2  3  4  5  6 |
---------------+-------------------+-----
Dodging        | 1 2 3 4 |  4.4
Fighting       | 4 |  4.0
Polearms       | 4 |  4.0
Armour         | |  2.1

Action                   |  1- 3 |  4- 6 || total
-------------------------+-------+-------++-------
Melee: Spear             |    81 |   206 ||   287
 Abil: Dig               |     2 |     7 ||     9
       Shaft Self        |       |     2 ||     2
  Use: Potion            |       |     2 ||     2
 Stab: Paralysed         |     1 |     1 ||     2
       Sleeping          |       |     1 ||     1
  Eat: Chunk             |     1 |     8 ||     9
Armor: Leather armour    |    23 |    27 ||    50
Dodge: Dodged            |    40 |    91 ||   131
